 Dungeon Crawl Stone Soup version 0.31-a0-931-g7b59d4eb97 (webtiles) character file.

Game seed: 242279945901475478

20 jasper the Trooper (level 2, 0/33 HPs)
             Began as an Ogre Fighter on Oct 19, 2023.
             Slain by a worm (6 damage)
             ... on level 2 of the Dungeon.
             The game lasted 00:00:33 (507 turns).

jasper the Trooper (Ogre Fighter)                    Turns: 507, Time: 00:00:34

Health: 0/33       AC:  3    Str: 19    XL:     2   Next: 79%
Magic:  2/2        EV:  8    Int:  9    God:
Gold:   4          SH:  7    Dex:  8    Spells: 1/1 levels left

rFire   . . .        a - +0 war axe
rCold   . . .        c - +0 kite shield
rNeg    . . .        b - +0 robe
rPois   .            (helmet restricted)
rElec   .            (no cloak)
rCorr   .            (gloves unavailable)
SInv    .            (boots unavailable)
Will    .....        (no amulet)
Stlth   +            (no ring)
HPRegen 0.25/turn    (no ring)
MPRegen 0.08/turn

%: no passive effects
@: no status effects
A: large, unfitting armour, tough skin 1
a: no special abilities


You were on level 2 of the Dungeon.
You visited 1 branch of the dungeon, and saw 2 of its levels.

You collected 4 gold pieces.

Inventory:

Hand Weapons
 a - a +0 war axe (weapon)
Armour
 b - a +0 robe (worn)
 c - a +0 kite shield (worn)
Scrolls
 e - a scroll of amnesia {unknown}
 f - a scroll of fog {unknown}
Potions
 d - a potion of might


   Skills:
 + Level 4.3 Fighting
 * Level 2.6 Axes
 - Level 2.6 Dodging
 + Level 3.2 Shields


You had one spell level left.
You didn't know any spells.
Your spell library was empty.

Dungeon Overview and Level Annotations

Branches:
Dungeon (1/15)

Altars:


Innate Abilities, Weirdness & Mutations

You are too large for most types of armour.
You have tough skin. (AC +1)


Message History

You kill the adder!
You feel sick.
You take 1 damage, and have 30/33 hp.
You feel sick.
You see here an adder corpse.
You take 1 damage, and have 29/33 hp.
You feel sick.
You feel sick.
You feel sick.
You are no longer poisoned.
Found a scale mail.
Health restored: 33 A worm comes into view.
A worm is nearby!
An endoplasm comes into view.
Found a brown potion.
The endoplasm quivers.
The worm bites you.
You take 6 damage, and have 27/33 hp.
You barely miss the worm. The worm barely misses you.
You hit the worm.
The worm is moderately wounded.
The endoplasm freezes you.
You are frozen.
The worm bites you!
You take 14 damage, and have 13/33 hp.
MASSIVE DAMAGE!!
You hit the worm.
The worm is moderately wounded.
You hit the endoplasm. The endoplasm hits you. The worm bites you!
* * * LOW HITPOINT WARNING * * *
You block the endoplasm's attack.
You take 8 damage, and have 5/33 hp.
MASSIVE DAMAGE!!
You slash the worm!
The worm is severely wounded.
You slash the endoplasm!
You kill the endoplasm!
The worm barely misses you.
You barely miss the worm.
The worm is severely wounded.
The worm bites you.
You die...

#.##.............#.#...#
#.###.##.....).......#.#...#
#..............###+###.##..#
######.#.######## #.#...#
...#...#.# # #.#.#.#
##.#.###.# ####.# #.#.#.#
##.....#.# #... ##.#.#.#
#....#.#.#######.##..##.#.#.#
#.####.#........@....#
#.#.##### #†#
#.#.######..w...# #.#.....#
#.# #.......##......#
#.#####.# #.#
#######.##..#.#.# #.# #.# #.#
...#.# # #.# #.# #.# .!..#.#
#.# #.# #.# ##### # #.#####.#
#.# #.>.)...# #.# #########


You could see a worm.

Vanquished Creatures
  An adder (D:2)
  An endoplasm (D:2)
  A giant cockroach (D:2)
  A goblin (D:2)
  A hobgoblin (D:2)
  2 kobolds (D:2)
  A quokka (D:2)
  A frilled lizard (D:2)
  A rat (D:2)
10 creatures vanquished.

Notes
Turn   | Place    | Note
-------+----------+-------------------------------------------
     0 | D:1      | jasper the Ogre Fighter began the quest for the Orb.
     0 | D:1      | Reached XP level 1. HP: 24/24 MP: 1/1
     5 | D:1      | You fall into a shaft and drop 1 floor!
   311 | D:2      | Reached XP level 2. HP: 32/32 MP: 2/2
   507 | D:2      | Slain by a worm

Illustrated notes

Levels and vault maps discovered:
D:1:      dpeg_arrival_three_same_balls, layout_loops_corners, serial_glass,
          glass_columns_a, glass_columns_b, glass_columns_c,
          supply_closet_lemuel, nicolae_grassy_gnolls
D:2:      layout_basic

Action                     || total
---------------------------++-------
  Melee: War axe           ||    33
 Armour: Robe              ||    17
  Dodge: Dodged            ||     9
  Block: Kite shield       ||    15

Table legend: (Time is in decaauts)
 A = Elapsed time spent in this place.
 B = Non-inter-level travel time spent in this place.
 C = Inter-level travel time spent in this place.
 D = Time resting spent in this place.
 E = Time spent auto-exploring this place.
 F = Levels seen in this place.
 G = Mean time per level.
                   A        B        C        D        E       F      G
               +--------+--------+--------+--------+--------+-----+--------+
         Total |    524 |    524 |      0 |      0 |    419 |   2 |  262.0 |
       Dungeon |    524 |    524 |      0 |      0 |    419 |   2 |  262.0 |
               +--------+--------+--------+--------+--------+-----+--------+

Top non-repeatable levels by time:
     D:2: 519 daAuts
     D:1: 5 daAuts
